 Dungeon Crawl Stone Soup version 0.22-a0-558-gc224181 (webtiles) character file.

413 Gildeon the Cudgeler (level 6, -2/55 HPs)
             Began as a Gargoyle Fighter on June 26, 2018.
             Slain by an orc wizard
             ... wielding a +0 dagger of distortion
              (15 damage)
             ... on level 4 of the Dungeon.
             The game lasted 00:12:00 (2858 turns).

Gildeon the Cudgeler (Gargoyle Fighter)             Turns: 2858, Time: 00:12:01

Health: -2/55      AC: 23    Str: 19    XL:     6   Next: 91%
Magic:  6/6        EV:  2    Int: 10    God:
Gold:   119        SH: 10    Dex: 10    Spells: 1/5 levels left

rFire    + + .     SeeInvis .   a - +0 flail
rCold    x . .     Gourm    .   c - +1 shield
rNeg     + + +     Faith    .   (armour currently unavailable)
rPois    ∞         Spirit   .   (helmet currently unavailable)
rElec    .         Reflect  .   (cloak currently unavailable)
rCorr    .         Harm     .   (gloves currently unavailable)
MR       .....     NoTele   +   (boots currently unavailable)
Stlth    +.........             (no amulet)
HPRegen  0.18/turn              o - ring of protection from fire
MPRegen  0.10/turn              e - ring of fire

@: tree-form
A: negative energy resistance 1, petrification resistance, rot immunity, AC +4
a: no special abilities


You were on level 4 of the Dungeon.
You were not hungry.
You were a tree.
You visited 1 branch of the dungeon, and saw 4 of its levels.

You collected 119 gold pieces.

Inventory:

Hand Weapons
 a - a +0 flail (weapon)
Armour
 c - a +1 shield (worn)
 g - a +0 pair of gloves (melded)
 l - a +0 chain mail (melded)
 p - a +0 helmet (melded)
Jewellery
 e - a ring of fire (right branch)
 o - a ring of protection from fire (left branch)
Scrolls
 k - 3 scrolls of remove curse
Potions
 b - 3 potions of curing
 d - a potion of might
 h - a potion of lignification
 i - 2 potions of mutation {unknown}
 j - a potion of agility {unknown}
 m - a potion of berserk rage {unknown}
Comestibles
 f - 3 rations
 n - 6 chunks of flesh


   Skills:
 - Level 3.2 Fighting
 + Level 7.2 Maces & Flails
 - Level 3.2 Armour
 - Level 3.2 Shields


You had one spell level left.
You knew the following spells:

 Your Spells              Type           Power        Failure   Level  Hunger
a - Ice Form              Ice/Tmut       #.......     100%        4    #####..

Your spell library contained the following spells:

 Spells                   Type           Power        Failure   Level  Hunger
 Spider Form              Tmut/Pois      #.........   99%         3    ####...
 Blade Hands              Tmut           #.........   100%        5    ######.
 Sticks to Snakes         Tmut           #.......     95%         2    ###....
 Beastly Appendage        Tmut           #.....       86%         1    ##.....


Dungeon Overview and Level Annotations

Branches:
Dungeon (4/15)
 Temple: D:4-7

Altars:
Gozag
Kikubaaqudgha
Ru
Vehumet
Zin


Innate Abilities, Weirdness & Mutations

You are resistant to torment.
((Your stone body is resilient. (AC +4)))
You are immune to poison.
You resist negative energy. (rN+)
((You are resistant to electric shocks. (rElec)))
((You can survive without breathing.))
You are immune to petrification.
You are immune to rotting.


Message History

You block the orc's attack.
Your shield prevents you from hitting the worm.
The worm is severely wounded.
You block the worm's attack. The orc hits you but does no damage. x2
You hit the worm.
The worm is almost dead.
You block the worm's attack. The orc hits you but does no damage.
You block the orc's attack.
You hit the worm.
You kill the worm!
You block the orc's attack. The orc hits you but does no damage.
You block the orc's attack.
The orc wizard gestures at you while chanting.
The magic dart hits you!
You sock the orc wizard!
The orc wizard is heavily wounded.
The orc hits you but does no damage. x2
The orc wizard hits you but does no damage.
Space warps horribly around you!
You die...

##.......###)........###
##....### #...........##
#.....# #............##
##.....# ##.........#...
####### #.........##..
♣♣♣ ### ##.......####.
.♣._.♣♣.## #............
.......o.####..........#
.......♣o.........######
.......oo.....#..##
..........#####..#
#.....##### ####
#....#.. ##........#
#.........#
###........#. #........#


You could see an orc wizard and 3 orcs.

Vanquished Creatures
  3 vampire bats (D:2)
  2 orc wizards (D:4)
  A centaur skeleton (D:4)
  A worker ant (D:4)
  Robin (D:3)
  5 adders
  An adder skeleton (D:2)
  6 worms
  4 leopard geckos
  5 orcs
  A bat skeleton (D:2)
  5 bat zombies (D:2)
  3 giant cockroaches
  21 goblins
  10 hobgoblins
  2 quokkas
  2 ball pythons
  12 bats
  9 frilled lizards
  4 kobolds
  4 rats
102 creatures vanquished.

Notes
Turn   | Place    | Note
-------+----------+-------------------------------------------
     0 | D:1      | Gildeon the Gargoyle Fighter began the quest for the Orb.
     0 | D:1      | Reached XP level 1. HP: 14/14 MP: 1/1
   112 | D:1      | Reached XP level 2. HP: 17/19 MP: 2/2
   306 | D:1      | Reached skill level 3 in Maces & Flails
   517 | D:2      | Reached XP level 3. HP: 23/23 MP: 3/3
   704 | D:2      | Reached skill level 4 in Maces & Flails
   704 | D:2      | Reached XP level 4. HP: 13/28 MP: 4/4
   753 | D:2      | Reached skill level 5 in Maces & Flails
   753 | D:2      | Reached XP level 5. HP: 8/32 MP: 5/5
   958 | D:2      | Found an ancient bone altar of Kikubaaqudgha.
  1281 | D:2      | Found a radiant altar of Vehumet.
  1285 | D:2      | Found a sacrificial altar of Ru.
  1290 | D:2      | Found an opulent altar of Gozag.
  1797 | D:3      | Reached skill level 6 in Maces & Flails
  1804 | D:3      | Reached XP level 6. HP: 36/37 MP: 6/6
  1865 | D:3      | Learned a level 4 spell: Ice Form
  1870 | D:3      | Noticed Robin
  1925 | D:3      | Killed Robin
  2804 | D:4      | Reached skill level 7 in Maces & Flails
  2821 | D:4      | Found a glowing silver altar of Zin.
  2858 | D:4      | Slain by an orc wizard

Vault maps used:
D:1:      shiori_arrival_oz
D:2:      minmay_overflow_temple_star_quad, kennysheep_vampire_church
D:3:      first_ration, uniq_robin
D:4:      zin_academy, nicolae_overflow_hidden_temple, serial_shops, shop, shop

Skill      XL: |  1  2  3  4  5  6 |
---------------+-------------------+-----
Maces & Flails | 3 4 5 6 7 |  7.2
Fighting       | |  3.2
Armour         | |  3.2
Shields        | |  3.2

Action                   |  1- 3 |  4- 6 || total
-------------------------+-------+-------++-------
Melee: Flail             |   127 |   320 ||   447
  Use: Scroll            |     2 |     5 ||     7
       Potion            |       |     1 ||     1
  Eat: Ration            |       |     1 ||     1
       Chunk             |       |     4 ||     4
Armor: Scale mail        |   141 |    62 ||   203
       Chain mail        |       |   257 ||   257
       Skin              |       |    18 ||    18
Dodge: Dodged            |    79 |   110 ||   189
Block: Shield            |   101 |   267 ||   368

Table legend:
 A = Spawn XP
 B = Non-spawn XP
 C = Spawn XP percentage of total XP
 D = Spawn monster count
 E = Non-spawn monster count
 F = Spawn count percentage of total count
 G = Total turns spent on level
                    A         B        C        D         E        F      G
               +---------+---------+-------+---------+---------+-------+---------
         Total |       0 |     591 |   0.0 |       0 |     102 |   0.0 |  2858
               +---------+---------+-------+---------+---------+-------+---------
           D:1 |       0 |      26 |   0.0 |       0 |      19 |   0.0 |   428
           D:2 |       0 |     256 |   0.0 |       0 |      34 |   0.0 |  1254
           D:3 |       0 |     126 |   0.0 |       0 |      38 |   0.0 |   871
           D:4 |       0 |     183 |   0.0 |       0 |      11 |   0.0 |   305
               +---------+---------+-------+---------+---------+-------+---------
